 Dungeon Crawl Stone Soup version 0.25.1-8-g42b30a86e7 (webtiles) character file.

Game seed: 1376545991604170555

119 Destapler the Skirmisher (level 5, 0/42 HPs)
             Began as a Human Berserker on Dec 20, 2020.
             Was a Believer of Trog.
             Slain by an orc
             ... wielding a +0 trident
              (6 damage)
             ... on level 3 of the Dungeon.
             The game lasted 00:04:53 (2496 turns).

Destapler the Skirmisher (Human Berserker)          Turns: 2496, Time: 00:04:54

Health: 0/42       AC:  3    Str: 18    XL:     5   Next: 24%
Magic:  5/5        EV: 13    Int:  7    God:    Trog [**....]
Gold:   154        SH:  0    Dex: 13    Spells: 4/4 levels left

rFire    . . .     SeeInvis .   b - +0 short sword (protect)
rCold    . . .     Gourm    .   (no shield)
rNeg     . . .     Faith    .   m - +0 leather armour
rPois    .         Spirit   .   (no helmet)
rElec    .         Reflect  .   (no cloak)
rCorr    .         Harm     .   (no gloves)
MR       +....                  (no boots)
Stlth    +.........             (no amulet)
HPRegen  0.14/turn              d - ring of protection from magic (curse)
MPRegen  0.09/turn              (no ring)

@: berserk cooldown, slowed, very slow
A: no striking features
a: Berserk, Trog's Hand, Renounce Religion


You were on level 3 of the Dungeon.
You worshipped Trog.
Trog was pleased with you.
You were not hungry.

You visited 1 branch of the dungeon, and saw 3 of its levels.

You collected 154 gold pieces.

Inventory:

Hand Weapons
 a - a +0 spear
 b - a +0 short sword of protection (weapon)
 i - a +0 vorpal hunting sling
Missiles
 g - 9 poisoned darts (quivered)
 s - 2 throwing nets
 t - 8 boomerangs
Armour
 m - a +0 leather armour (worn)
Jewellery
 d - a cursed ring of protection from magic (left hand)
Scrolls
 e - 2 scrolls of identify {unknown}
 h - 3 scrolls of teleportation {unknown}
 j - a scroll of random uselessness {unknown}
 n - 2 scrolls of amnesia {unknown}
 o - 2 scrolls of remove curse {unknown}
 p - 2 scrolls of noise {unknown}
 q - a scroll of magic mapping {unknown}
Potions
 l - a potion of haste {unknown}
 r - a potion of flight {unknown}
Comestibles
 c - 4 rations


   Skills:
 + Level 3.6 Fighting
 + Level 3.6 Polearms
 + Level 1.4 Throwing
 + Level 2.8 Armour
 + Level 2.9 Dodging


You had 4 spell levels left.
You didn't know any spells.
Your spell library was empty.

Dungeon Overview and Level Annotations

Branches:
Dungeon (3/15)

Altars:
Okawaru


Message History

You are no longer berserk.
You are exhausted.
You feel yourself slow down. The orc closely misses you.
There is an open door, spattered with blood here.
Items here: ))) [ †† The orc hits you but does no damage.
The orc hits you with a +0 trident.
* * * LOW HITPOINT WARNING * * *
The orc hits you but does no damage. The orc barely misses you.
The orc closely misses you. The orc closely misses you.
You hit the orc but do no damage.
Your weapon exudes an aura of protection.
The orc hits you with a +0 trident.
* * * LOW HITPOINT WARNING * * *
The orc closely misses you.
Your leather armour prevents you from hitting the orc.
The orc hits you with a +0 trident.
You die...

#.......#
#.......#
#......##
###.####
#.# #.#
#.######
#.##...###
#..)..o@.#
####...#.#
#...#.#
#...#..
#...####
#####


You could see an orc.

Vanquished Creatures
  An orc wizard (D:3)
  3 adders (D:2)
  An ooze (D:2)
  A worm (D:2)
  3 leopard geckos
  3 orcs (D:3)
  3 giant cockroaches
  4 goblins
  6 hobgoblins
  5 kobolds
  A quokka (D:2)
  9 bats
  6 frilled lizards
  7 rats
53 creatures vanquished.

Notes
Turn   | Place    | Note
-------+----------+-------------------------------------------
     0 | D:1      | Destapler the Human Berserker began the quest for the Orb.
     0 | D:1      | Reached XP level 1. HP: 18/18 MP: 1/1
   536 | D:1      | Reached XP level 2. HP: 24/24 MP: 2/2
  1075 | D:1      | Reached XP level 3. HP: 28/29 MP: 3/3
  1346 | D:2      | Reached ** piety under Trog
  1700 | D:2      | Reached XP level 4. HP: 31/35 MP: 4/4
  1873 | D:2      | Found an iron altar of Okawaru.
  2001 | D:2      | Reached skill level 1 in Throwing
  2478 | D:3      | Reached XP level 5. HP: 14/41 MP: 5/5
  2496 | D:3      | Slain by an orc

Illustrated notes

Levels and vault maps discovered:
D:1:      lightli_arrival_statuegarden, layout_loops_ring, st_stairs_8,
          minmay_tree_intersection, minmay_octomino_e4
D:2:      layout_loops_corners, okawaru_gym_becter
D:3:      layout_basic, overflow_temple_1_default, feat_on_display

Skill      XL: |  1  2  3  4 |
---------------+-------------+-----
Throwing       | 1 |  1.4
Fighting       | |  3.6
Polearms       | |  3.6
Armour         | |  2.8
Dodging        | |  2.9

Action                   |  1- 3 |  4- 6 || total
-------------------------+-------+-------++-------
Melee: Spear             |    24 |       ||    24
       Short sword       |   155 |    68 ||   223
Invok: Berserk           |     1 |     1 ||     2
  Use: Potion            |       |     1 ||     1
 Stab: Sleeping          |       |     1 ||     1
  Eat: Chunk             |     4 |     3 ||     7
Armor: Robe              |    22 |       ||    22
       Leather armour    |    47 |    18 ||    65
Dodge: Dodged            |   158 |    65 ||   223
